 Dungeon Crawl Stone Soup version 0.22.1-1-ga44c0e56f4 (webtiles) character file.

46 Ivernyr the Magician (level 3, 0/28 HPs)
             Began as a Naga Wizard on Oct 23, 2018.
             Slain by an adder (1 damage)
             ... on level 2 of the Dungeon.
             The game lasted 00:08:12 (1546 turns).

Ivernyr the Magician (Naga Wizard)                  Turns: 1546, Time: 00:08:13

Health: 0/28       AC:  4    Str:  9    XL:     3   Next: 66%
Magic:  1/8        EV: 10    Int: 19    God:
Gold:   76         SH:  0    Dex:  9    Spells: 6/9 levels left

rFire    . . .     SeeInvis +   (no weapon)
rCold    . . .     Gourm    .   (no shield)
rNeg     . . .     Faith    .   a - +0 robe
rPois    +         Spirit   .   b - +0 hat
rElec    .         Reflect  .   k - +0 cloak
rCorr    .         Harm     .   g - +0 pair of gloves
MR       .....                  (no barding)
Stlth    ++........             (no amulet)
HPRegen  0.09/turn              (no ring)
MPRegen  0.11/turn              (no ring)

@: short of breath, very slow
A: large, see invisible, deformed body, poison resistance, slowness 2, slow
metabolism 1, spit poison 1, AC +1
a: Spit Poison


You were on level 2 of the Dungeon.
You were not hungry.

You visited 1 branch of the dungeon, and saw 2 of its levels.

You collected 76 gold pieces.

Inventory:

Armour
 a - a +0 robe (worn)
 b - a +0 hat (worn)
 g - a +0 pair of gloves (worn)
 k - a +0 cloak (worn)
Scrolls
 e - a scroll of teleportation {unknown}
 f - 3 scrolls of remove curse {unknown}
 j - a scroll of amnesia {unknown}
 l - a scroll of blinking {unknown}
Potions
 c - a potion of brilliance {unknown}
 h - a potion of might {unknown}
 i - a potion of degeneration {unknown}
Comestibles
 d - 8 rations
 m - 2 chunks of flesh


   Skills:
 - Level 1.5 Dodging
 - Level 3.0 Stealth
 + Level 3.7 Spellcasting
 + Level 2.4 Conjurations
   Level 1.0 Summonings
 - Level 1.0 Translocations


You had 6 spell levels left.
You knew the following spells:

 Your Spells              Type           Power        Failure   Level  Hunger
a - Magic Dart            Conj           ##..         5%          1    None
b - Blink                 Tloc           N/A          14%         2    ##.....

Your spell library contained the following spells:

 Spells                   Type           Power        Failure   Level  Hunger
 Call Imp                 Summ           #.......     14%         2    ##.....
 Slow                     Hex            #.......     22%         2    ##.....
 Conjure Flame            Conj/Fire      #.......     26%         3    ###....
 Mephitic Cloud           Conj/Pois/Air  #.......     30%         3    ###....


Dungeon Overview and Level Annotations

Branches:
Dungeon (2/15)

Altars:


Innate Abilities, Weirdness & Mutations

You cannot wear boots.
Your serpentine skin is tough. (AC +1)
You have supernaturally acute eyesight. (SInv)
Armour fits poorly on your strangely shaped body.
Your system is resistant to poisons. (rPois)
You cover ground very slowly.
You have a slow metabolism.
You can spit poison.


Message History

* * * LOW HITPOINT WARNING * * *
You hit the adder.
The adder is heavily wounded.
The bat closely misses you. The leopard gecko barely misses you.
The adder bites you but does no damage.
You closely miss the adder.
The adder is heavily wounded.
You have got your breath back.
The leopard gecko barely misses you. The bat hits you.
* * * LOW HITPOINT WARNING * * *
The adder closely misses you. The leopard gecko bites you.
* * * LOW HITPOINT WARNING * * *
Press: ? - help, Shift-Dir - straight line, f/p - adder
Aim: an adder (heavily wounded)
The splash of poison hits the adder.
The adder is poisoned.
The adder is severely wounded.
You feel slightly more hungry. The adder bites you but does no damage.
The bat hits you but does no damage. The leopard gecko closely misses you.
The adder bites you.
You die...

### ##.. ...###..####
##.........# ...........
#......... #...... .#
#..Sl# .# #)@## .#
##..####.# #b..##..#
##.....######## .# ##..
##.....##.....##
..##...###........).....##
.......##................#
.........................#
.......##................#


You could see an adder, a leopard gecko and a bat.

Vanquished Creatures
  An adder (D:2)
  A worm (D:2)
  A leopard gecko (D:1)
  A bat (D:1)
  5 goblins
  8 hobgoblins
  A jackal (D:1)
  A ball python (D:1)
  A frilled lizard (D:1)
  8 kobolds
  A rat (D:1)
29 creatures vanquished.

Notes
Turn   | Place    | Note
-------+----------+-------------------------------------------
     0 | D:1      | Ivernyr the Naga Wizard began the quest for the Orb.
     0 | D:1      | Reached XP level 1. HP: 15/15 MP: 4/4
   335 | D:1      | Reached XP level 2. HP: 22/22 MP: 0/6
   339 | D:1      | Learned a level 2 spell: Blink
  1260 | D:2      | Reached XP level 3. HP: 28/28 MP: 4/7
  1545 | D:2      | HP: 1/28 [leopard gecko (5)]
  1546 | D:2      | Slain by an adder

Skill      XL: |  1  2 |
---------------+-------+-----
Conjurations   | 2 |  2.4
Dodging        | |  1.5
Stealth        | |  3.0
Spellcasting   | |  3.7
Summonings     | |  1.0
Translocations | |  1.0

Action                   || total
-------------------------++-------
Melee: Unarmed           ||    24
 Cast: Magic Dart        ||    72
 Abil: Spit Poison       ||     9
  Eat: Chunk             ||     1
Armor: Robe              ||    13
Dodge: Dodged            ||    37
